 Dungeon Crawl Stone Soup version 0.31-a0-1144-g99969ba1bc (webtiles) character file.

Game seed: 16463570147140160459

46 Dirtsage the Digger (level 3, -1/20 HPs)
             Began as a Gargoyle Earth Elementalist on Dec 6, 2023.
             Killed from afar by Terence (5 damage)
             ... with a puff of flame
             ... on level 2 of the Dungeon.
             The game lasted 00:02:58 (1211 turns).

Dirtsage the Digger (Gargoyle Earth Elementalist)   Turns: 1211, Time: 00:02:59

Health: -1/20      AC:  5    Str: 11    XL:     3   Next: 66%
Magic:  6/6        EV: 11    Int: 23    God:
Gold:   88         SH:  0    Dex: 10    Spells: 5/6 levels left

rFire   . . .        (no weapon)
rCold   . . .        (no shield)
rNeg    + . .        a - +0 robe
rPois   ∞            (no helmet)
rElec   +            (no cloak)
rCorr   .            (no gloves)
SInv    .            (no boots)
Will    .....        (no amulet)
Stlth   ++           e - +6 ring of intelligence
HPRegen 0.23/turn    (no ring)
MPRegen 0.10/turn

%: no passive effects
@: no status effects
A: sickness immunity, AC +3, negative energy resistance 1, electricity
resistance, torment resistance 1, petrification resistance
a: no special abilities


You were on level 2 of the Dungeon.
You visited 1 branch of the dungeon, and saw 2 of its levels.

You collected 88 gold pieces.

Inventory:

Armour
 a - a +0 robe (worn)
 g - a +0 ring mail
Jewellery
 e - a +6 ring of intelligence (left hand)
Scrolls
 d - 3 scrolls of teleportation {unknown}
 h - a scroll of noise {unknown}
 i - 3 scrolls of identify {unknown}
Potions
 c - a potion of enlightenment {unknown}
 f - a potion of might {unknown}


   Skills:
 + Level 1.2 Fighting
 - Level 1.5 Dodging
 - Level 2.1 Stealth
 + Level 2.3 Spellcasting
 + Level 1.3 Conjurations
 - Level 0.7 Transmutations
 * Level 4.4 Earth Magic


You had 5 spell levels left.
You knew the following spells:

 Your Spells              Type           Power      Damage    Failure   Level
a - Sandblast             Erth           46%        2d11      1%          1

Your spell library contained the following spells:

 Spells                   Type           Power      Damage    Failure   Level
 Passwall                 Tmut/Erth      11%        N/A       6%          2
 Stone Arrow              Conj/Erth      32%        3d9       11%         3
 Apportation              Tloc           4%         N/A       12%         1
 Jinxbite                 Hex            4%         N/A       19%         2
 Brom's Barrelling Bould  Conj/Erth      16%        2d4       36%         4
 Petrify                  Tmut/Erth      14%        N/A       38%         4
 Alistair's Intoxication  Tmut/Pois      2%         N/A       96%         5


Dungeon Overview and Level Annotations

Branches:
Dungeon (2/15)

Altars:

Annotations:
D:2 Terence


Innate Abilities, Weirdness & Mutations

You are immune to sickness and miasma.
Your stone body is resilient. (AC +3)
You are immune to poison.
You resist negative energy. (rN+)
You are resistant to electric shocks. (rElec)
You are resistant to unholy torment.
You are immune to petrification.


Message History

That would be overly suicidal.
Okay, then.
Terence zaps a wand.
The puff of flame hits you!
You take 8 damage, and have 12/20 hp.
MASSIVE DAMAGE!!
Aiming: Sandblast (safe; 1% risk of failure)
Press: ? - help, Q - select action Shift-Dir - straight line, f - you That would be overly suicidal.
Okay, then.
Unknown command.
Terence zaps a wand.
The puff of flame misses you.
Aiming: Sandblast (safe; 1% risk of failure)
Press: ? - help, Q - select action Shift-Dir - straight line, f - Terence
Aim: Terence, wielding a +0 flail, wearing a +0 chain mail and carrying a wand of flame (87% to hit)
The blast of sand hits Terence but does no damage.
You now have 2/6 mp.
Aiming: Sandblast (safe; 1% risk of failure)
Press: ? - help, Q - select action Shift-Dir - straight line, f/p - Terence
Aim: Terence, wielding a +0 flail, wearing a +0 chain mail and carrying a wand of flame (87% to hit)
The blast of sand hits Terence but does no damage.
You now have 1/6 mp.
Aiming: Sandblast (safe; 1% risk of failure)
Press: ? - help, Q - select action Shift-Dir - straight line, f/p - Terence
Aim: Terence, wielding a +0 flail, wearing a +0 chain mail and carrying a wand of flame (87% to hit)
The blast of sand misses Terence.
Terence zaps a wand.
The puff of flame hits you!
* * * LOW HITPOINT WARNING * * *
You take 7 damage, and have 6/20 hp.
MASSIVE DAMAGE!!
You now have 0/6 mp.
You barely miss Terence. Terence misses you. Magic courses through your body.
Terence hits you but does no damage.
MP restored: 6
Aiming: Sandblast (safe; 1% risk of failure)
Press: ? - help, Q - select action Shift-Dir - straight line, f/p - Terence
Aim: Terence, wielding a +0 flail, wearing a +0 chain mail and carrying a wand of flame (87% to hit)
The blast of sand hits Terence.
Terence is moderately wounded.
Terence zaps a wand.
The puff of flame hits you.
* * * LOW HITPOINT WARNING * * *
Terence zaps a wand.
The puff of flame hits you.
You die...
Terence says, "Time to find some more victims."

#.# #.# #.# ##.# #.#
#...# #.# #...# #.#
#...# ##### #.# #...#
....†.####># ######...#
......@@...####.........
....)..##...............
....... ##.####.........
......# #.# ######...#
###### #.# #...# ..#
#.†.# .## #...# #. #...#
#. ########....


You could see Terence.

Vanquished Creatures
  A worm (D:2)
  2 dart slugs
  2 endoplasms (D:2)
  2 giant cockroaches (D:1)
  4 goblins
  3 hobgoblins (D:1)
  4 jackals (D:2)
  2 kobolds
  3 ball pythons (D:1)
  6 bats
  2 frilled lizards
  4 rats
35 creatures vanquished.

Notes
Turn   | Place    | Note
-------+----------+-------------------------------------------
     0 | D:1      | Dirtsage the Gargoyle Earth Elementalist began the quest
                  | for the Orb.
     0 | D:1      | Reached XP level 1. HP: 10/10 MP: 3/3
   208 | D:1      | Reached XP level 2. HP: 16/16 MP: 3/5
   235 | D:1      | Reached skill level 4 in Earth Magic
   490 | D:1      | Reached skill level 1 in Conjurations
   532 | D:1      | Reached skill level 1 in Fighting
   664 | D:1      | Reached XP level 3. HP: 20/20 MP: 4/6
  1202 | D:2      | Noticed Terence
  1211 | D:2      | Killed from afar by Terence

Illustrated notes

Levels and vault maps discovered:
D:1:      dpeg_arrival_simpleton_c, layout_basic, serial_corexii_hall,
          chequers_hall_statues_y, corexii_hall_statues_l,
          amcnicky_mini_pool_small, st_stairs_1, item_on_display_a
D:2:      layout_loops_cross, uniq_terence

Skill      XL: |  1  2 |
---------------+-------+-----
Earth Magic    | 4 |  4.4
Conjurations   | 1 |  1.3
Fighting       | 1 |  1.2
Dodging        | |  1.5
Stealth        | |  2.1
Spellcasting   | |  2.3
Transmutations | |  0.7

Action                     || total
---------------------------++-------
  Melee: Unarmed           ||    13
   Cast: Sandblast         ||    47
    Use: Potion            ||     1
 Armour: Robe              ||    12
  Dodge: Dodged            ||    19

Table legend: (Time is in decaauts)
 A = Elapsed time spent in this place.
 B = Non-inter-level travel time spent in this place.
 C = Inter-level travel time spent in this place.
 D = Time resting spent in this place.
 E = Time spent auto-exploring this place.
 F = Levels seen in this place.
 G = Mean time per level.
                   A        B        C        D        E       F      G
               +--------+--------+--------+--------+--------+-----+--------+
         Total |   1233 |   1198 |     35 |      2 |    986 |   2 |  616.5 |
       Dungeon |   1233 |   1198 |     35 |      2 |    986 |   2 |  616.5 |
               +--------+--------+--------+--------+--------+-----+--------+

Top non-repeatable levels by time:
     D:1: 847 daAuts
     D:2: 386 daAuts
